AoeStats
← DeathBlack

Nomad

505378990Analyzed
4v4 RM · 23d ago on Sep 9, 2026· 11m 33s· 8 players
Game mode
Random Map
Map size
231×231
Population
200
Speed
Normal
Resources
Standard
Victory
Conquest
Starting age
Dark Age
Ending age
Imperial Age
RankedLock teamsTeams togetherTeam positionsShared explorationLock speedFull tech treeHidden civsTurbo modeCheats
Victory
Defeat
🇺🇸 Malians · United States
1055
+16
🇵🇪 Vietnamese · Peru
1055
+16
🇧🇷 Bengalis · Brazil
1052
+16
🇨🇴 Persians · Colombia
1013
+18
🇨🇦 Malians · Canada
1146
-20
🇨🇱 Persians · Chile
1129
-20
🇨🇳 Khmer · China
996
-14
🇩🇴 Jurchens · Dominican Republic
948
-12
BIG Q
11:00 Loom
DeathBlack
3:51 Loom
PilotePSP
5:23 Loom
pedrocastanhal22
7:08 Loom
Zerg Ramfire
eward17
4:59 Loom
電動遊戯
4:15 Loom
Lautaro_aoe
9:11 Loom
11:48 Feudal Age
Connection lost

Rejoining the realm…

Still unreachable

The connection could not be restored.

Session expired

The server has moved on; the page needs a fresh start.